 Dungeon Crawl Stone Soup version 0.27.1-33-g824d729ab1 (webtiles) character file.

Game seed: 5014516685961893430

44 jlumianski the Skirmisher (level 3, -2/24 HPs)
             Began as a Gargoyle Monk on Dec 13, 2021.
             Slain by a gnoll (4 damage)
             ... on level 1 of the Dungeon.
             The game lasted 00:04:46 (1802 turns).

jlumianski the Skirmisher (Gargoyle Monk)           Turns: 1802, Time: 00:04:47

Health: -2/24      AC:  5    Str: 17    XL:     3   Next: 60%
Magic:  3/3        EV: 12    Int: 10    God:
Gold:   49         SH:  0    Dex: 12    Spells: 2/2 levels left

rFire    . . .     SeeInvis .   a - +0 hand axe
rCold    . . .     Faith    .   (no shield)
rNeg     + . .     Spirit   .   b - +0 robe
rPois    ∞         Reflect  .   (no helmet)
rElec    +         Harm     .   (no cloak)
rCorr    .         Rampage  .   (no gloves)
Will     .....                  (no boots)
Stlth    ++........             (no amulet)
HPRegen  0.08/turn              (no ring)
MPRegen  0.08/turn              (no ring)

@: no status effects
A: sickness immunity, AC +3, negative energy resistance 1, electricity
resistance, torment resistance 1, petrification resistance, strong 1
a: no special abilities


You were on level 1 of the Dungeon.
You visited 1 branch of the dungeon, and saw 3 of its levels.

You collected 49 gold pieces.

Inventory:

Hand Weapons
 a - a +0 hand axe (weapon)
Missiles
 d - 32 stones (quivered)
 g - 12 bolts
Armour
 b - a +0 robe (worn)
Scrolls
 f - a scroll of acquirement {unknown}
 h - a scroll of identify {unknown}
 i - a scroll of blinking {unknown}
Potions
 j - a potion of might {unknown}


   Skills:
 + Level 3.7 Fighting
 + Level 3.3 Axes
 + Level 2.7 Dodging
 + Level 2.6 Stealth


You had 2 spell levels left.
You didn't know any spells.
Your spell library was empty.

Dungeon Overview and Level Annotations

Branches:
Dungeon (3/15)

Altars:


Innate Abilities, Weirdness & Mutations

You are immune to sickness and miasma.
Your stone body is resilient. (AC +3)
You are immune to poison.
You resist negative energy. (rN+)
You are resistant to electric shocks. (rElec)
You are resistant to unholy torment.
You are immune to petrification.
Your muscles are strong. (Str +2)


Message History

You barely miss the bat. The bat hits you but does no damage. x2
You hit the bat.
You kill the bat!
j - a grey potion A gnoll comes into view.
It is wielding a +0 flail.
Unknown command.
A goblin and a gnoll come into view.
The gnoll shouts!
You hear a shout! x2
A gnoll comes into view. It is wielding a +0 whip.
The gnoll moves out of view.
The goblin shouts!
The gnoll throws a throwing net.
The throwing net hits you.
You become entangled in the net!
You see here a throwing net.
You struggle against the net.
The gnoll barely misses you.
You struggle against the net.
You struggle against the net.
You struggle against the net.
The gnoll hits you but does no damage. The gnoll hits you with a +0 whip.
You struggle against the net.
The gnoll closely misses you. The gnoll hits you with a +0 whip.
You rip the net and break free!
The gnoll hits you with a +0 flail! The gnoll hits you with a +0 whip.
An adder comes into view.
The gnoll closely misses you.
You see here a bat corpse.
There is a stone staircase leading up here.
The gnoll hits you with a +0 flail!
* * * LOW HITPOINT WARNING * * *
You climb upwards.
There is a stone staircase leading down here.
You feel better. The gnoll hits you with a +0 flail!
* * * LOW HITPOINT WARNING * * *
Okay, then.
Unknown command.
It was a potion of mutation.
You feel extremely strange.
You feel less in control of your magic.
You regain control of your magic.
You feel stronger. The gnoll hits you with a +0 flail.
You die...

####...#####'#####...###
### #
####...........#### #..
# ### ############## #.#
# #.# #.# #.# # #.# #.#
#.# # #.# #.# # #.. #
#.##############.#
#.####.. #
#.........>..g.#.#
#....... #
###########..#@..#
#...##.# ##.#####
#.#..(## #.# #...##.#
#≈# ##.# ##. #≈# #.# #.
#≈# ##########.# #. ###
#.# #.......†..####. #..
#.############......
#.##### #.#..# ##.#####


You could see a gnoll.

Vanquished Creatures
  2 dart slugs (D:2)
  An orc (D:2)
  5 ball pythons
  5 bats
  3 endoplasms
  6 goblins
  4 quokkas
  2 frilled lizards
  4 kobolds
  4 rats
36 creatures vanquished.

Notes
Turn   | Place    | Note
-------+----------+-------------------------------------------
     0 | D:1      | jlumianski the Gargoyle Monk began the quest for the Orb.
     0 | D:1      | Reached XP level 1. HP: 14/14 MP: 1/1
   553 | D:1      | Reached XP level 2. HP: 5/19 MP: 2/2
  1333 | D:2      | Reached XP level 3. HP: 24/24 MP: 3/3
  1579 | D:2      | Found a faded altar of an unknown god.
  1802 | D:1      | Gained mutation: Your spells are a little harder to cast,
                  | but a little more powerful. [potion of mutation]
  1802 | D:1      | Lost mutation: Your spells are a little harder to cast, but
                  | a little more powerful. [potion of mutation]
  1802 | D:1      | Gained mutation: Your muscles are strong. (Str +2) [potion
                  | of mutation]
  1802 | D:1      | Slain by a gnoll

Illustrated notes

Levels and vault maps discovered:
D:1:      dpeg_arrival_morbid_curiosity, layout_loops_ring, corexii_corridor_pit
D:2:      layout_rooms, shapermc_ecumenical_altar_mp_vishouse,
          minmay_misc_feat_cross, hangedman_decor_growths, minmay_rat_hole
D:3:      layout_loops_cross, serial_shops, shop, uniq_grinder

Skill      XL: |  1  2 |
---------------+-------+-----
Axes           | 3 |  3.3
Fighting       | |  3.7
Dodging        | |  2.7
Stealth        | |  2.6

Action                   || total
-------------------------++-------
Melee: Hand axe          ||   117
Throw: Stone             ||     2
  Use: Scroll            ||     1
       Potion            ||     3
 Stab: Sleeping          ||     4
Armor: Robe              ||    47
Dodge: Dodged            ||    77
